 Dungeon Crawl Stone Soup version 0.31.0-9-g3a7656b989 (webtiles) character file.

Game seed: 13253636279723381000

480 qw the Shooter (level 6, -5/33 HPs)
             Began as a Spriggan Hunter on Feb 2, 2024.
             Slain by an orc
             ... wielding a +0 mace
              (8 damage)
             ... on level 4 of the Dungeon.
             The game lasted 00:00:12 (3139 turns).

qw the Shooter (Spriggan Hunter)                    Turns: 3139, Time: 00:00:13

Health: -5/33      AC:  2    Str:  7    XL:     6   Next: 86%
Magic:  7/7        EV: 21    Int: 10    God:
Gold:   213        SH:  0    Dex: 21    Spells: 5/5 levels left

rFire   . . .        g - +0 arbalest
rCold   . . .        (shield currently unavailable)
rNeg    . . .        c - +0 robe
rPois   .            (helmet restricted)
rElec   .            (no cloak)
rCorr   .            (gloves unavailable)
SInv    +            (boots unavailable)
Will    +....        (no amulet)
Stlth   ++           (no ring)
HPRegen 0.25/turn    (no ring)
MPRegen 0.10/turn

%: no passive effects
@: very quick
A: very small, no large weapons, unfitting armour, see invisible, speed 3
a: no special abilities


You were on level 4 of the Dungeon.
You visited 1 branch of the dungeon, and saw 4 of its levels.

You collected 213 gold pieces.


Innate Abilities, Weirdness & Mutations

You are very small and have problems with some larger weapons.
You are too small for most types of armour.
You have supernaturally acute eyesight. (SInv)
You cover ground extremely quickly. (Speed+++)


   Skills:
 - Level 3.6 Fighting
 - Level 6.0 Ranged Weapons
 + Level 5.8 Dodging
 - Level 1.5 Stealth


You had 5 spell levels left.
You didn't know any spells.
Your spell library was empty.

Inventory:

Hand Weapons
 g - a +0 arbalest (weapon)
Armour
 c - a +0 robe (worn)
Jewellery
 a - a ring of willpower
Potions
 b - 2 potions of haste
 d - a potion of heal wounds {unknown}
 e - a potion of degeneration {unknown}
 f - 2 potions of enlightenment

Dungeon Overview and Level Annotations

Branches:
Dungeon (4/15)
 Temple: D:4-7

Altars:

Annotations:
D:2 1 runed translucent door, Crazy Yiuf


Message History

The adder bites you.
You shoot a bolt. The bolt barely misses the adder.
The adder closely misses you. The orc closely misses you. The adder bites you.
You are poisoned.
The adder poisons you!
You shoot a bolt. The bolt closely misses the adder.
You feel very sick. The orc closely misses you. The adder bites you.
You are more poisoned.
The adder poisons you! The adder closely misses you.
You shoot a bolt. The bolt closely misses the adder.
You feel very sick. The adder closely misses you.
The orc completely misses you. The adder closely misses you.
The orc closely misses you. The orc completely misses you.
You shoot a bolt. The bolt hits the adder!
The adder is almost dead.
You feel very sick. The adder completely misses you.
The orc hits you with a +0 club. The orc hits you with a +4 whip!
The adder misses you.
You shoot a bolt. The bolt hits the adder!!
You kill the adder!
You feel sick. The orc completely misses you. The orc misses you.
The orc barely misses you. The orc misses you.
You shoot a bolt. The bolt hits the orc.
The orc is moderately wounded.
You feel sick. The orc misses you. x2
You shoot a bolt. The bolt hits the orc!
You kill the orc!
You feel sick.
You are no longer poisoned.
The orc barely misses you. The orc misses you. The orc closely misses you.
You shoot a bolt. The bolt barely misses the orc.
The orc hits you with a +0 mace. The orc hits you but does no damage.
The orc hits you with a +0 club. The orc closely misses you.
You shoot a bolt. The bolt barely misses the orc.
The orc misses you. x2
You shoot a bolt. The bolt closely misses the orc.
The orc hits you with a +0 mace!
You die...

.....#
#...#.......#.............
#....#
#...#.......####..........
#....#
#.......####..........
#....#
#...........#####.....
#....#
#........##......###..
#....# #####....#...###.#
. #....# ####..#.#.#.# ..#
###### #.....###.#.#####
#.##@...#.#.....# #
#oo##.#.#####.# #..# .#.#
#... #.# ##.. #.. ..). ###
##.. ..#


You could see 2 orcs.

Vanquished Creatures
  Sigmund (D:2)
  A scorpion (D:4)
  A hound (D:3)
  A bombardier beetle (D:4)
  Terence (D:2)
  An orc wizard (D:3)
  Robin (D:2)
  4 adders
  2 dart slugs
  2 ribbon worms
  6 orcs
  2 bats
  6 endoplasms
  5 giant cockroaches
  15 goblins
  10 hobgoblins
  11 kobolds
  2 quokkas
  11 ball pythons
  A frilled lizard (D:2)
  4 rats
88 creatures vanquished.

Notes
Turn   | Place    | Note
-------+----------+-------------------------------------------
     0 | D:1      | qw the Spriggan Hunter began the quest for the Orb.
     0 | D:1      | Reached XP level 1. HP: 10/10 MP: 2/2
     0 | D:1      | 0 ||| qw: Version: 0.3-a-155-g5e7d8dd
     0 | D:1      | 0 ||| qw: Game counter: 1992
     0 | D:1      | 0 ||| qw: Melee chars always use a shield: true
     0 | D:1      | 0 ||| qw: God list: Okawaru
     0 | D:1      | 0 ||| qw: Allow faded altars: false
     0 | D:1      | 0 ||| qw: Do Orc after clearing Dungeon:15 true
     0 | D:1      | 0 ||| qw: Do second Lair branch before Depths: true
     0 | D:1      | 0 ||| qw: Lair rune preference: random
     0 | D:1      | 0 ||| qw: Goals: Normal
     0 | D:1      | 0 ||| PLANNING D:1-11
     8 | D:1      | Reached skill level 3 in Dodging
    77 | D:1      | Reached XP level 2. HP: 14/14 MP: 3/3
   211 | D:1      | Found a faded altar of an unknown god.
   415 | D:1      | 415 ||| READING scroll labelled DOYNEL PECKUUZI.
   416 | D:1      | 416 ||| READING 2 scrolls labelled MINUGEN NIMEDO.
   416 | D:1      | 416 ||| IDENTIFYING golden potion
   417 | D:1      | 417 ||| READING scroll of identify.
   417 | D:1      | 417 ||| IDENTIFYING inky potion
   418 | D:1      | 418 ||| READING scroll labelled QOUWKE TOIH HOADOSS.
   419 | D:1      | 419 ||| DROPPING scroll of butterflies.
   420 | D:1      | 420 ||| DROPPING potion of invisibility.
   541 | D:2      | 541 ||| FLEEEEING.
   542 | D:2      | 542 ||| FLEEEEING.
   549 | D:2      | 549 ||| FLEEEEING.
   559 | D:2      | Reached XP level 3. HP: 11/18 MP: 4/4
   642 | D:2      | Noticed Robin
   654 | D:2      | HP: 4/18 [goblin/+0 club[Robin] (2)]
   656 | D:2      | Killed Robin
   752 | D:2      | Reached skill level 5 in Ranged Weapons
   912 | D:2      | Reached XP level 4. HP: 21/22 MP: 5/5
  1104 | D:2      | Noticed Terence
  1109 | D:2      | Killed Terence
  1151 | D:2      | Found a runed translucent door.
  1152 | D:2      | Noticed Crazy Yiuf
  1188 | D:2      | Noticed Sigmund
  1194 | D:2      | 1194 ||| DRINKING potion of curing.
  1194 | D:2      | 1194 ||| (to cure confusion)
  1202 | D:2      | Killed Sigmund
  1203 | D:2      | Reached skill level 3 in Fighting
  1203 | D:2      | Reached XP level 5. HP: 29/29 MP: 6/6
  1203 | D:2      | Reached XP level 6. HP: 33/33 MP: 7/7
  1571 | D:2      | 1571 ||| DROPPING ring of magical power.
  1572 | D:2      | 1572 ||| DROPPING ring of wizardry.
  1573 | D:2      | 1573 ||| READING 2 scrolls of identify.
  1573 | D:2      | 1573 ||| IDENTIFYING smoky yellow potion
  1574 | D:2      | 1574 ||| READING scroll of identify.
  1574 | D:2      | 1574 ||| IDENTIFYING scroll labelled WIEROSY GEMI
  1575 | D:2      | 1575 ||| READING scroll labelled SIQUSCH CAN CAN.
  1676 | D:2      | 1676 ||| READING scroll labelled AZAECAOBBE.
  1703 | D:2      | 1703 ||| READING scroll labelled NOEVVEANYI.
  1704 | D:2      | 1704 ||| DROPPING scroll of poison.
  2406 | D:3      | 2406 ||| SWAPPING to +0 arbalest.
  2408 | D:3      | 2408 ||| DROPPING +0 shortbow.
  2812 | D:3      | 2812 ||| FLEEEEING.
  2844 | D:3      | 2844 ||| DRINKING 3 lumpy green potions.
  2864 | D:4      | 2864 ||| STAIRDANCE
  2872 | D:3      | Reached skill level 6 in Ranged Weapons
  3134 | D:4      | HP: 7/33 [poisoned by an adder]
  3137 | D:4      | HP: 3/33 [orc/+0 mace (2)]
  3139 | D:4      | Slain by an orc

Levels and vault maps discovered:
D:1:      evilmike_arrival_hilbert_curve, layout_rooms, basic_ecumenical_altar
D:2:      layout_loops_corners, serial_forest, infiniplex_forest_clump_double,
          infiniplex_forest_end_2, infiniplex_forest_lined_room_2,
          infiniplex_forest_corner_1, infiniplex_forest_3_way,
          infiniplex_forest_fountain, uniq_terence, uniq_crazy_yiuf_cottage,
          uniq_sigmund, uniq_robin
D:3:      layout_basic
D:4:      layout_basic

Skill      XL: |  1  2  3  4  5  6 |
---------------+-------------------+-----
Dodging        | 3 4 5 |  5.8
Ranged Weapons | 5 6 |  6.0
Fighting       | 3 |  3.6
Stealth        | |  1.5

Action                     |  1- 3 |  4- 6 || total
---------------------------+-------+-------++-------
   Fire: Shortbow          |   103 |    79 ||   182
         Arbalest          |       |    44 ||    44
    Use: Scroll            |     4 |     5 ||     9
         Potion            |       |     2 ||     2
 Armour: Robe              |    24 |    21 ||    45
  Dodge: Dodged            |    59 |    62 ||   121

Table legend:
 A = Non-vault XP
 B = Vault XP
 C = Vault XP percentage of total XP
 D = Non-vault monster count
 E = Vault monster count
 F = Vault count percentage of total count
                 A         B        C        D         E       F
            +---------+---------+-------+---------+---------+-------
      Total |     382 |     304 |  44.3 |      73 |      15 |  17.0
            +---------+---------+-------+---------+---------+-------
        D:1 |      32 |       0 |   0.0 |      19 |       0 |   0.0
        D:2 |      48 |     304 |  86.4 |      18 |      15 |  45.5
        D:3 |     131 |       0 |   0.0 |      22 |       0 |   0.0
        D:4 |     171 |       0 |   0.0 |      14 |       0 |   0.0
            +---------+---------+-------+---------+---------+-------
